 Dungeon Crawl Stone Soup version 0.30-a0-23-ge60ba3568b (webtiles) character file.

Game seed: 14380156360180579422

5 Zonian the Stinger (level 1, 0/13 HPs)
             Began as a Demonspawn Venom Mage on Aug 25, 2022.
             Slain by a ball python (2 damage)
             ... on level 1 of the Dungeon.
             The game lasted 00:00:55 (609 turns).

Zonian the Stinger (Demonspawn Venom Mage)           Turns: 609, Time: 00:00:55

Health: 0/13       AC:  2    Str:  8    XL:     1   Next: 66%
Magic:  3/3        EV:  9    Int: 16    God:
Gold:   10         SH:  0    Dex: 13    Spells: 3/4 levels left

rFire   . . .      SeeInvis .    (no weapon)
rCold   . . .      Faith    .    (no shield)
rNeg    . . .      Spirit   .    a - +0 robe
rPois   .          Reflect  .    (no helmet)
rElec   .          Harm     .    (no cloak)
rCorr   .          Rampage  .    (no gloves)
Will    .....                    (no boots)
Stlth   ++........               (no amulet)
HPRegen 0.04/turn                (no ring)
MPRegen 0.08/turn                (no ring)

@: constricted
A: no striking features
a: no special abilities


You were on level 1 of the Dungeon.
You visited 1 branch of the dungeon, and saw 1 of its levels.

You collected 10 gold pieces.

Inventory:

Armour
 a - a +0 robe (worn)
Scrolls
 d - a scroll of amnesia {unknown}
 e - a scroll of identify {unknown}
Potions
 c - a potion of curing {unknown}


   Skills:
 + Level 1.9 Dodging
 + Level 1.9 Stealth
 + Level 2.0 Spellcasting
 + Level 1.0 Transmutations
 + Level 3.0 Poison Magic


You had 3 spell levels left.
You knew the following spells:

 Your Spells              Type           Power      Damage    Failure   Level
a - Sting                 Tmut/Pois      32%        1d4       9%          1

Your spell library contained the following spells:

 Spells                   Type           Power      Damage    Failure   Level
 Poisonous Vapours        Pois/Air       12%        N/A       17%         2
 Mephitic Cloud           Conj/Pois/Air  4%         N/A       38%         3
 Olgreb's Toxic Radiance  Pois           11%        N/A       50%         4


Dungeon Overview and Level Annotations

Branches:
Dungeon (1/15)

Altars:


Message History

Magic restored.
You start waiting.
Done waiting.
Unknown command.
Found an escape hatch in the floor.
The sting hits the endoplasm but does no damage.
The endoplasm is poisoned.
The sting hits the endoplasm.
The endoplasm looks even sicker.
The endoplasm is heavily wounded.
The endoplasm freezes you.
You are frozen.
The sting hits the endoplasm.
The endoplasm partially resists.
The endoplasm is severely wounded.
The ball python hisses angrily.
The rat barely misses you. The endoplasm hits you.
Unknown command.
You kill the endoplasm!
The rat attacks as you move away! The rat barely misses you.
The rat attacks as you move away! The rat bites you.
The rat attacks as you move away! The rat bites you.
The rat attacks as you move away! The rat bites you.
* * * LOW HITPOINT WARNING * * *
There is a stone staircase leading down here.
Unknown command.
Casting: Sting (safe; 9% risk of failure)
Confirm with . or Enter, or press ? or * to list all spells.
Aiming: Sting (safe; 9% risk of failure)
Press: ? - help, Shift-Dir - straight line, f - rat
Aim: a rat (68% to hit)
The sting hits the rat.
The rat is poisoned.
You kill the rat!
Unknown command.
You hit the ball python.
The ball python is moderately wounded.
The ball python bites you but does no damage.
The ball python grabs you. The ball python constricts you.
* * * LOW HITPOINT WARNING * * *
Unknown command.
Magic courses through your body. The ball python bites you.
You die...

#.# #.# #.#
######## #.#
(......###
#.#
.....#...##
#.#
#....###..#
#.# ##...#
##'######.#
#....#
#........@#
.....#
#......##S#
####.#
#......##.#
8 #.#
#......##.#
. #.#
#......##.#
# ..
#......##.#
.
........##.#
8
##......##.#
#.#


You could see a ball python.

Vanquished Creatures
  An endoplasm (D:1)
  2 ball pythons (D:1)
  A kobold (D:1)
  3 rats (D:1)
7 creatures vanquished.

Notes
Turn   | Place    | Note
-------+----------+-------------------------------------------
     0 | D:1      | Zonian the Demonspawn Venom Mage began the quest for the
                  | Orb.
     0 | D:1      | Reached XP level 1. HP: 13/13 MP: 3/3
   444 | D:1      | Reached skill level 1 in Transmutations
   609 | D:1      | Slain by a ball python

Illustrated notes

Levels and vault maps discovered:
D:1:      heliophobic_arrival_ceremonial_halls, layout_basic

Skill      XL: |  1 |
---------------+----+-----
Transmutations | 1 |  1.0
Dodging        | |  1.9
Stealth        | |  1.9
Spellcasting   | |  2.0
Poison Magic   | |  3.0

Action                   || total
-------------------------++-------
Melee: Unarmed           ||     2
 Cast: Sting             ||    10
  Use: Potion            ||     1
Armor: Robe              ||     2
Dodge: Dodged            ||     3

Table legend: (Time is in decaauts)
 A = Elapsed time spent in this place.
 B = Non-inter-level travel time spent in this place.
 C = Inter-level travel time spent in this place.
 D = Time resting spent in this place.
 E = Time spent auto-exploring this place.
 F = Levels seen in this place.
 G = Mean time per level.
                   A        B        C        D        E       F      G
               +--------+--------+--------+--------+--------+-----+--------+
         Total |    609 |    609 |      0 |    471 |     67 |   1 |  609.0 |
       Dungeon |    609 |    609 |      0 |    471 |     67 |   1 |  609.0 |
               +--------+--------+--------+--------+--------+-----+--------+

Top non-repeatable levels by time:
     D:1: 609 daAuts
